 Dungeon Crawl Stone Soup version 0.20-a0-2-g2b0e13a (webtiles) character file.

697 Leibowitz the Poker (level 7, 0/57 HPs)
             Began as a Demigod Gladiator on Oct 28, 2016.
             Slain by a jelly (2 damage)
             ... on level 5 of the Dungeon.
             The game lasted 00:11:21 (5072 turns).

Leibowitz the Poker (Demigod Gladiator)             Turns: 5072, Time: 00:11:21

Health: 0/57       AC: -10   Str: 16 (18) XL:     7   Next: 15%
Magic:  18/18      EV: 14    Int: 17      God:
Gold:   296        SH:  0    Dex: 20      Spells: 0 memorised, 6 levels left

rFire  + . .     SeeInvis .     a - +0 trident
rCold  + . .     Gourm    .     b - +0 leather armour
rNeg   . . .     Faith    .     (no shield)
rPois  +         Spirit   .     c - +0 helmet
rElec  +         Reflect  .     (no cloak)
rCorr  +         Harm     .     x - +0 pair of gloves
MR     .....                    (no boots)
Stlth  ++........               (no amulet)
                                (no ring)
                                j - ring of magical power

@: brilliant, resistant, corroded
A: high mp 1
a: no special abilities


You were on level 5 of the Dungeon.
You were not hungry.

You visited 1 branch of the dungeon, and saw 5 of its levels.

You collected 296 gold pieces.

Inventory:

Hand Weapons
 a - a +0 trident (weapon)
 r - a +0 scythe
Missiles
 n - 2 throwing nets (quivered)
 u - 2 needles of sleeping
 E - 8 needles of paralysis
Armour
 b - a +0 leather armour (worn)
 c - a +0 helmet (worn)
 x - a +0 pair of gloves (worn)
Jewellery
 j - a ring of magical power (left hand)
Wands
 t - a wand of flame (19/48)
 A - a wand of iceblast (1/15)
Scrolls
 d - a scroll of fear {unknown}
 e - 6 scrolls of remove curse {unknown}
 g - 3 scrolls of amnesia {unknown}
 h - a scroll of immolation {unknown}
 k - 3 scrolls of blinking {unknown}
 l - 2 scrolls of enchant armour {unknown}
 m - 4 scrolls of teleportation {unknown}
 q - 5 scrolls of identify {unknown}
 v - 2 scrolls of magic mapping {unknown}
 y - a scroll of noise {unknown}
 B - a scroll of fog {unknown}
 C - a scroll of enchant weapon {unknown}
 D - a scroll of recharging {unknown}
Potions
 o - a potion of might
 s - a potion of brilliance
 w - a potion of lignification {unknown}
 H - a potion of haste {unknown}
Comestibles
 f - 4 bread rations
 p - a beef jerky
 z - 4 meat rations
 F - 3 chunks of flesh
 G - a slice of pizza


   Skills:
 + Level 3.6 Fighting
 + Level 5.8 Polearms
 + Level 2.0 Throwing
 + Level 2.1 Armour
 + Level 3.8 Dodging
 + Level 1.3 Stealth


You had 6 spell levels left.
You didn't know any spells.

Dungeon Overview and Level Annotations

Branches:
Dungeon (5/15)
 Temple: D:4-7

Annotations:
D:3 Mirvelgyr's ghost, amateur MiBe
D:4 Gobser's ghost, amateur TrMo
D:5 jedvagenij's ghost, novice FoFi


Innate Abilities, Weirdness & Mutations

You have an increased reservoir of magic. (+10% MP)


Message History

You feel protected. The jelly closely misses you.
You hit the jelly but do no damage.
Your hands burn!
* * * LOW HITPOINT WARNING * * *
The jelly is heavily wounded.
The jelly hits you.
* * * LOW HITPOINT WARNING * * *
You are splashed with acid!
The acid burns!
You resist.
* * * LOW HITPOINT WARNING * * *
You hit the jelly but do no damage. The acid corrodes you!
Your hands burn!
* * * LOW HITPOINT WARNING * * *
The jelly is heavily wounded.
The jelly hits you.
* * * LOW HITPOINT WARNING * * *
You are splashed with acid!
The acid burns!
You resist.
* * * LOW HITPOINT WARNING * * *
It was a potion of brilliance.
You feel clever all of a sudden. The jelly hits you.
You die...

............# #...##
#..........#...# ##...#
###........#.#...# .#...##
)........ #....##..#...#
......# ##.......#...###
..########............#.
#.##.......(..........'.
######.##....J....######...#.
##...........@.....######...#.
......#.#...................#.
.......................)...##.
.)###.............<........##.
#.(..............##....###
#.................#.......
#.......####......#.......
#.................###.....
#..................##.....


You could see a jelly.

Vanquished Creatures
  Sigmund (D:4)
  A phantom (D:4)
  A bullfrog zombie (D:5)
  A hound (D:4)
  An orc wizard (D:4)
  An orc priest (D:4)
  Natasha (thrice) (D:2)
  5 worker ants
  6 adders
  An ooze (D:4)
  An adder skeleton (D:4)
  A worm (D:2)
  A dart slug (D:1)
  A leopard gecko (D:5)
  6 orcs (D:4)
  5 giant cockroaches
  7 goblins
  8 hobgoblins
  8 jackals
  6 bats
  5 frilled lizards
  4 kobolds
  A quokka skeleton (D:4)
  6 rats
81 creatures vanquished.

Notes
Turn   | Place    | Note
-------+----------+-------------------------------------------
     0 | D:1      | Leibowitz the Demigod Gladiator began the quest for the Orb.
     0 | D:1      | Reached XP level 1. HP: 17/17 MP: 3/3
   299 | D:1      | Reached skill level 3 in Polearms
   433 | D:1      | Reached XP level 2. HP: 18/24 MP: 4/4
  1272 | D:2      | Reached XP level 3. HP: 29/29 MP: 5/5
  1335 | D:2      | Found a glowing silver altar of Zin.
  1478 | D:2      | Noticed Natasha
  1489 | D:2      | Killed Natasha
  1605 | D:2      | Noticed Natasha
  1610 | D:2      | Killed Natasha
  1610 | D:2      | Reached skill level 4 in Polearms
  1610 | D:2      | Reached XP level 4. HP: 17/37 MP: 6/6
  1929 | D:2      | Found a stormy altar of Qazlal.
  1972 | D:2      | Noticed Natasha
  1980 | D:2      | Killed Natasha
  2055 | D:3      | Noticed Mirvelgyr's ghost (amateur MiBe)
  2272 | D:3      | Found a faded altar of an unknown god.
  2350 | D:3      | Found a snail-covered altar of Cheibriados.
  2350 | D:3      | Found an ancient bone altar of Kikubaaqudgha.
  2524 | D:3      | Found a hazy altar of Hepliaklqana.
  2739 | D:3      | Reached skill level 1 in Armour
  2739 | D:3      | Reached XP level 5. HP: 26/42 MP: 7/7
  3067 | D:4      | Noticed Gobser's ghost (amateur TrMo)
  3080 | D:4      | Found a bloodstained altar of Trog.
  3099 | D:4      | Reached skill level 1 in Stealth
  3550 | D:4      | HP: 1/44 [orc/dagger (2)]
  3852 | D:4      | Reached XP level 6. HP: 45/51 MP: 8/8
  3891 | D:4      | Noticed Sigmund
  3924 | D:4      | Killed Sigmund
  3924 | D:4      | Reached skill level 5 in Polearms
  4521 | D:4      | Reached XP level 7. HP: 46/57 MP: 9/9
  4751 | D:5      | Entered Level 5 of the Dungeon
  4878 | D:5      | Noticed jedvagenij's ghost (novice FoFi)
  5071 | D:5      | HP: 2/57 [acid (5)]
  5072 | D:5      | Slain by a jelly

Vault maps used:
D:1:      dpeg_arrival_pits
D:2:      zin_statuary, lemuel_crystal_altar, serial_glass, glass_columns_a,
          glass_columns_a, glass_columns_a, glass_columns_a, glass_columns_a,
          glass_columns_a, glass_columns_c, glass_columns_c, uniq_natasha
D:3:      gammafunk_temple_overflow_elements, lemuel_coloured_pillars_altar,
          ecumenical_altar_1
D:4:      lemuel_round_altar, uniq_sigmund
D:5:      tso_altar, lemuel_round_altar, serial_curves, eino_curves_01,
          eino_curves_01, eino_curves_01, first_bread

Skill      XL: |  1  2  3  4  5  6  7 |
---------------+----------------------+-----
Polearms       | 3 4 5 |  5.8
Dodging        | 3 |  3.8
Fighting       | 2 3 |  3.6
Armour         | 1 2 |  2.1
Stealth        | 1 |  1.3
Throwing       | 2 |  2.0

Action                   |  1- 3 |  4- 6 |  7- 9 || total
-------------------------+-------+-------+-------++-------
Melee: Trident           |   105 |   204 |    33 ||   342
Throw: Throwing net      |     1 |     4 |       ||     5
Evoke: Wand              |       |       |     2 ||     2
  Use: Potion            |       |     5 |     2 ||     7
 Stab: Sleeping          |     3 |     1 |       ||     4
       Distracted        |       |     1 |       ||     1
  Eat: Chunk             |     2 |     8 |     3 ||    13
Armor: Leather armour    |    24 |    47 |     4 ||    75
Dodge: Dodged            |    57 |   118 |    17 ||   192
